 Dungeon Crawl Stone Soup version 0.25-a0-713-g4845790 (webtiles) character file.

Game seed: 16402561722917925342, levelgen mode: deterministic

686 BlueFish the Magician (level 7, -6/51 HPs)
             Began as a Mummy Wizard on Apr 5, 2020.
             Was an Initiate of Kikubaaqudgha.
             Killed by divine providence
             ... invoked by an orc priest
              (17 damage)
             ... on level 6 of the Dungeon.
             The game lasted 00:23:08 (7808 turns).

BlueFish the Magician (Mummy Wizard)                Turns: 7808, Time: 00:23:08

Health: -6/51      AC:  7    Str: 10    XL:     7   Next: 35%
Magic:  6/17       EV: 13    Int: 19    God:    Kikubaaqudgha [......]
Gold:   298        SH:  0    Dex: 11    Spells: 8/19 levels left

rFire    x . .     SeeInvis .   d - +0 spear
rCold    + . .     Gourm    .   (no shield)
rNeg     + + +     Faith    .   a - +0 robe
rPois    ∞         Spirit   .   b - +0 hat
rElec    .         Reflect  .   f - +0 cloak
rCorr    .         Harm     .   h - +1 pair of gloves
MR       .....                  c - +1 pair of boots
Stlth    ++........             n - amulet of magic regeneration
HPRegen  0.17/turn              (no ring)
MPRegen  0.40/turn              (no ring)

@: very slightly contaminated
A: no food or potions, fire vulnerability, cold resistance 1, negative energy
resistance 3, torment resistance, unbreathing
a: Renounce Religion


You were on level 6 of the Dungeon.
You worshipped Kikubaaqudgha.
Kikubaaqudgha was noncommittal.
You were not hungry.

You visited 2 branches of the dungeon, and saw 7 of its levels.

You collected 298 gold pieces.

Inventory:

Hand Weapons
 d - a +0 spear (weapon)
Armour
 a - a +0 robe (worn)
 b - a +0 hat (worn)
 c - a +1 pair of boots (worn)
 f - a +0 cloak (worn)
 h - a +1 pair of gloves (worn)
Jewellery
 n - an amulet of magic regeneration (around neck)
Wands
 o - a wand of disintegration (9)
Scrolls
 e - 4 scrolls of teleportation
 g - 4 scrolls of magic mapping
 j - a scroll of remove curse
 k - 2 scrolls of enchant armour
 l - a scroll of amnesia
 m - a scroll of fear
 p - a scroll of fog


   Skills:
 * Level 2.9 Fighting
 * Level 2.1 Polearms
 * Level 2.9 Dodging
 * Level 2.7 Stealth
 * Level 6.8 Spellcasting
 + Level 1.8 Conjurations
 + Level 1.1 Summonings
 * Level 0.9 Necromancy
 + Level 0.8 Translocations
 + Level 0.2 Air Magic
 + Level 0.2 Poison Magic


You had 8 spell levels left.
You knew the following spells:

 Your Spells              Type           Power        Failure   Level  Hunger
a - Magic Dart            Conj           ##..         4%          1    N/A
b - Call Imp              Summ           ##......     10%         2    N/A
c - Blink                 Tloc           N/A          11%         2    N/A
d - Mephitic Cloud        Conj/Pois/Air  #.......     22%         3    N/A
e - Slow                  Hex            #.......     16%         2    N/A
f - Animate Skeleton      Necr           N/A          7%          1    N/A

Your spell library contained the following spells:

 Spells                   Type           Power        Failure   Level  Hunger
 Summon Small Mammal      Summ           ##..         6%          1    N/A
 Apportation              Tloc           #.....       8%          1    N/A
 Corona                   Hex            #......      11%         1    N/A
 Call Canine Familiar     Summ           ##......     19%         3    N/A
 Conjure Flame            Conj/Fire      ##......     22%         3    N/A
 Summon Guardian Golem    Hex/Summ       #.......     24%         3    N/A
 Summon Lightning Spire   Summ/Air       #.......     58%         4    N/A
 Summon Ice Beast         Ice/Summ       #.......     63%         4    N/A

Dungeon Overview and Level Annotations

Branches:
Dungeon (6/15)             Temple (1/1) D:6

Altars:
Ashenzari
Cheibriados
Dithmenos
Elyvilon
Fedhas
Gozag
Hepliaklqana
Kikubaaqudgha
Nemelex Xobeh
Okawaru
Qazlal
Ru
Uskayaw
Vehumet
Wu Jian
Yredelemnul
Zin
The Shining One

Shops:
D:6 (


Innate Abilities, Weirdness & Mutations

You do not eat or drink.
Your flesh is vulnerable to fire.
You are immune to poison.
Your flesh is cold resistant. (rC+)
You are immune to negative energy. (rN+++)
You are immune to unholy pain and torment.
You can survive without breathing.


Message History

You hit the centaur but do no damage.
The centaur is heavily wounded.
Your crimson imp closely misses the centaur.
The centaur barely misses you.
The orc priest barely misses your crimson imp.
Your crimson imp blinks! x2
You hit the centaur.
The centaur is severely wounded.
The centaur hits you but does no damage.
Your crimson imp hits the centaur.
The centaur closely misses you.
Casting: Call Imp (safe; 10% risk of failure)
Confirm with . or Enter, or press ? or * to list all spells.
A beastly little devil appears in a puff of flame.
Your crimson imp blinks!
The centaur hits you.
* * * LOW HITPOINT WARNING * * *
The orc priest mumbles some strange prayers to Beogh against you.
Beogh smites you!
You die...
Kikubaaqudgha rasps: "You have failed me!
Welcome... oblivion!"

##5## #..# ##5#####
#...(.#########
#####(........# .#
#...(.!.....#
....#####.##.(o.....#
#.....<......c..>.%#
########..#...#§@(...#
#.....###..#.#5......#
.......##...>......5.#
..........^#.#.......#
..........#...#......#
........#........#####
........##########
........# .......##


You could see a centaur, an orc priest and 2 friendly crimson imps.

Vanquished Creatures
  2 ogres (D:4)
  A phantom (D:5)
  A crimson imp (D:5)
  A bullfrog zombie (D:5)
  A jelly (D:5)
  A bullfrog skeleton (D:4)
  An orc wizard (D:5)
  2 worker ants
  A howler monkey skeleton (D:5)
  A worker ant zombie (D:5)
  5 adders
  3 gnolls (D:5)
  3 worms
  3 dart slugs
  3 leopard geckos
  7 orcs
  6 giant cockroaches
  9 goblins
  4 hobgoblins
  7 jackals
  2 quokkas
  7 bats
  6 frilled lizards
  8 kobolds
  7 rats
92 creatures vanquished.

Vanquished Creatures (collateral kills)
  Terence (D:2)
  A worker ant (D:3)
  2 orcs (D:6)
4 creatures vanquished.

Grand Total: 96 creatures vanquished

Notes
Turn   | Place    | Note
-------+----------+-------------------------------------------
     0 | D:1      | BlueFish the Mummy Wizard began the quest for the Orb.
     0 | D:1      | Reached XP level 1. HP: 13/13 MP: 5/5
   217 | D:1      | Reached XP level 2. HP: 20/20 MP: 4/7
   225 | D:1      | Learned a level 2 spell: Call Imp
   230 | D:1      | Learned a level 2 spell: Blink
  1288 | D:1      | Reached XP level 3. HP: 25/25 MP: 6/9
  1293 | D:1      | Learned a level 3 spell: Mephitic Cloud
  1296 | D:1      | Learned a level 2 spell: Slow
  1574 | D:2      | Reached skill level 1 in Fighting
  1578 | D:2      | Reached skill level 5 in Spellcasting
  1666 | D:2      | Noticed Terence
  1718 | D:2      | Killed Terence
  1718 | D:2      | Reached skill level 1 in Conjurations
  2237 | D:2      | Found a snail-covered altar of Cheibriados.
  2903 | D:2      | Reached XP level 4. HP: 24/32 MP: 0/11
  3122 | D:3      | Found a hide-covered altar of Uskayaw.
  3122 | D:3      | Noticed a -3 dagger
  3122 | D:3      | Noticed a +0 dagger
  3502 | D:3      | Found a white marble altar of Elyvilon.
  4070 | D:4      | Noticed an ogre
  4110 | D:4      | Found a radiant altar of Vehumet.
  4110 | D:4      | Found a sacrificial altar of Ru.
  4401 | D:4      | Noticed an ogre
  4412 | D:4      | Killed an ogre
  4412 | D:4      | Reached skill level 1 in Summonings
  4412 | D:4      | Reached XP level 5. HP: 38/38 MP: 4/13
  4533 | D:4      | Reached skill level 1 in Polearms
  5219 | D:4      | Killed an ogre
  5219 | D:4      | Reached skill level 6 in Spellcasting
  5219 | D:4      | Reached XP level 6. HP: 44/44 MP: 9/15
  6052 | D:5      | Entered Level 5 of the Dungeon
  6348 | D:5      | Learned a level 1 spell: Animate Skeleton
  6834 | D:5      | Got a smoking dagger
  6980 | D:5      | Reached XP level 7. HP: 44/51 MP: 16/16
  7145 | D:5      | Found an ornate altar of the Wu Jian Council.
  7602 | D:5      | Identified the +2 dagger "Daazes" {freeze, rC+ Str+3
                  | Stlth+} (You found it on level 5 of the Dungeon)
  7628 | D:6      | Found a staircase to the Ecumenical Temple.
  7634 | Temple   | Entered the Ecumenical Temple
  7683 | Temple   | Became a worshipper of Kikubaaqudgha
  7755 | D:6      | Found Qele Hai's Weapon Emporium.
  7808 | D:6      | Killed from afar by an orc priest

Levels and vault maps discovered:
D:1:      sevenhm_arrival_forest_fort_small_3, layout_basic
D:2:      layout_loops_corners, cheibriados_altar_1, uniq_terence
D:3:      layout_basic, lemuel_crystal_altar, dancing_weapons_uskayaw
D:4:      layout_basic, chequers_temple_overflow_statue_of_worship, first_ration
D:5:      layout_basic, marbit_many_paths
D:6:      kennysheep_steamy, layout_rooms, minmay_temple_entry_crystal_x,
          serial_shops, shop
Temple:   cyrus_circular_temple

Skill      XL: |  1  2  3  4  5  6  7 |
---------------+----------------------+-----
Fighting       | 1 2 |  2.9
Spellcasting   | 5 6 |  6.8
Conjurations   | 1 |  1.8
Dodging        | 2 |  2.9
Stealth        | 2 |  2.7
Summonings     | 1 |  1.1
Polearms       | 1 2 |  2.1
Necromancy     | |  0.9
Translocations | |  0.8
Air Magic      | |  0.2
Poison Magic   | |  0.2

Action                   |  1- 3 |  4- 6 |  7- 9 || total
-------------------------+-------+-------+-------++-------
Melee: Whip              |    31 |       |       ||    31
       Unarmed           |     1 |       |       ||     1
       Spear             |    38 |   193 |    49 ||   280
 Cast: Magic Dart        |   107 |   147 |    31 ||   285
       Call Imp          |     3 |     6 |    11 ||    20
       Mephitic Cloud    |       |     9 |       ||     9
       Blink             |       |     2 |       ||     2
  Use: Scroll            |     2 |     8 |     2 ||    12
 Stab: Sleeping          |     1 |       |     1 ||     2
       Confused          |       |     2 |       ||     2
Armor: Robe              |    25 |    61 |    11 ||    97
Dodge: Dodged            |    67 |   128 |    26 ||   221

Table legend:
 A = Non-vault XP
 B = Vault XP
 C = Vault XP percentage of total XP
 D = Non-vault monster count
 E = Vault monster count
 F = Vault count percentage of total count
                 A         B        C        D         E       F
            +---------+---------+-------+---------+---------+-------
      Total |     944 |      37 |   3.8 |      94 |       2 |   2.1
            +---------+---------+-------+---------+---------+-------
        D:1 |      41 |       0 |   0.0 |      28 |       0 |   0.0
        D:2 |      36 |      21 |  36.8 |      17 |       1 |   5.6
        D:3 |      89 |       0 |   0.0 |      13 |       0 |   0.0
        D:4 |     338 |       0 |   0.0 |      13 |       0 |   0.0
        D:5 |     403 |      16 |   3.8 |      20 |       1 |   4.8
        D:6 |      37 |       0 |   0.0 |       3 |       0 |   0.0
            +---------+---------+-------+---------+---------+-------
